 Dungeon Crawl Stone Soup version 0.28.0-45-g0d030f2227 (webtiles) character file.

Game seed: 16287651291168929733

9 Zeld the Sneak (level 2, 0/21 HPs)
             Began as an Octopode Delver on Apr 12, 2022.
             Slain by a gnoll
             ... wielding a +0 whip
              (5 damage)
             ... on level 5 of the Dungeon.
             The game lasted 00:00:38 (235 turns).

Zeld the Sneak (Octopode Delver)                     Turns: 235, Time: 00:00:39

Health: 0/21       AC:  1    Str: 11    XL:     2   Next: 12%
Magic:  2/2        EV: 13    Int: 12    God:
Gold:   0          SH:  0    Dex: 13    Spells: 1/1 levels left

rFire   . . .      SeeInvis .   f - +0 war axe
rCold   . . .      Faith    .   (no shield)
rNeg    . . .      Spirit   .   (helmet restricted)
rPois   .          Reflect  .   (no amulet)
rElec   .          Harm     .   (no ring)
rCorr   .          Rampage  .   (no ring)
Will    .....                   (no ring)
Stlth   ++++......              (no ring)
HPRegen 0.07/turn               (no ring)
MPRegen 0.08/turn               (no ring)
                                (no ring)
                                (no ring)

@: no status effects
A: almost no armour, amphibious, 8 rings, camouflage 1, gelatinous body 1,
(nimble swimmer 1), tentacles
a: no special abilities


You were on level 5 of the Dungeon.
You visited 1 branch of the dungeon, and saw 2 of its levels.

Inventory:

Hand Weapons
 f - a +0 war axe (weapon)
Wands
 e - a wand of digging (3)
Scrolls
 a - a scroll of fog
 b - a scroll of magic mapping
 c - a scroll of fear
Potions
 d - 2 potions of haste


   Skills:
 + Level 3.1 Fighting
 - Level 2.0 Dodging
 + Level 6.7 Stealth
 + Level 2.1 Unarmed Combat
 + Level 0.3 Spellcasting
 * Level 0.9 Transmutations


You had one spell level left.
You didn't know any spells.
Your spell library was empty.

Dungeon Overview and Level Annotations

Branches:
Dungeon (5/15)
 Temple: D:4-7

Altars:


Innate Abilities, Weirdness & Mutations

You cannot wear most types of armour.
You are amphibious.
You can wear up to eight rings at the same time.
Your skin changes colour to match your surroundings (Stealth+).
Your rubbery body absorbs attacks. (AC +1, EV +1)
((You are camouflaged when in or above water. (Stealth+)))
You have tentacles for arms and can constrict up to eight enemies at once.


Message History

The adder bites you. The adder barely misses you.
You are too injured to fight recklessly!
You hit the adder.
You kill the adder!
You have reached level 2!
HP restored.
Found a stone staircase leading up.
You see here an adder corpse.
d - 2 potions of haste (gained 1)
A scorpion comes into view.
A scorpion is nearby!
A scorpion is nearby!
There is a stone staircase leading up here.
You climb upwards.
There is a stone staircase leading down here.
A gnoll comes into view. It is wielding a +0 whip.
A gnoll is nearby!
A gnoll is nearby!
A gnoll comes into view. It is wielding a +0 spear.
An adder comes into view.
Found 12 gold pieces.
The gnoll shouts!
You hear a shout!
The adder hisses angrily.
The gnoll shouts!
You hear a shout!
The gnoll hits you with a +0 whip.
A gnoll comes into view. It is wielding a +0 flail.
You completely miss the gnoll. Your grab misses the gnoll.
The gnoll hits you with a +0 whip!
There is a stone staircase leading down here.
The gnoll misses you.
You climb downwards.
There is a stone staircase leading up here.
You hit the gnoll. You grab the gnoll.
The gnoll is lightly wounded.
You constrict the gnoll. The gnoll hits you with a +0 whip.
* * * LOW HITPOINT WARNING * * *
You hit the gnoll but do no damage. You squeeze the gnoll.
The gnoll is heavily wounded.
You constrict the gnoll, but do no damage.
The gnoll hits you with a +0 whip.
You die...

#..##..#.##..
#..##†.#.####
#..##..#.....
#.........).#
#.###..######
#...#..#
#......#
####.#.#..####
#...#...@....#
#.##.#.##g#.....
#.##.#.# .##.###
#.##.#.# .# #
#.##.#.# .#
#.##.#.# ..
#.##.#.# ..
#.##.... ..
#.....s..


You could see a gnoll.

Vanquished Creatures
  An adder (D:5)
1 creature vanquished.

Notes
Turn   | Place    | Note
-------+----------+-------------------------------------------
     0 | D:5      | Zeld the Octopode Delver began the quest for the Orb.
     0 | D:5      | Reached XP level 1. HP: 16/16 MP: 1/1
     5 | D:5      | Noticed a scorpion
    30 | D:5      | Reached XP level 2. HP: 11/21 MP: 2/2
   194 | D:5      | Noticed a scorpion
   235 | D:5      | Slain by a gnoll

Illustrated notes

Levels and vault maps discovered:
D:4:      layout_loops_cross
D:5:      layout_loops_ring, serial_rivers, chequers_serial_rivers_small_3,
          chequers_serial_rivers_small_b, chequers_serial_rivers_small_b,
          chequers_serial_rivers_marsh, chequers_serial_rivers_small_b,
          chequers_serial_rivers_small_b

Action                   || total
-------------------------++-------
Melee: War axe           ||     6
       Constrict         ||     1
       Tentacles         ||     1
 Stab: Sleeping          ||     1
Dodge: Dodged            ||     3
